 Dungeon Sprint DCSS version 0.17.2-1-ge4368a0 (webtiles) character file.

36633 hexophile the Slayer (level 13, 0/185 HPs)
             Began as an Ogre Berserker on Oct 13, 2016.
             Was the Champion of Makhleb.
             Slain by a red draconian
             ... wielding a +0 mace
              (17 damage)
             ... in the Dungeon (Sprint V: "Ziggurat Sprint").
             The game lasted 00:03:41 (1076 turns).

hexophile the Slayer (Ogre Berserker)               Turns: 1076, Time: 00:03:41

Health: 0/185      AC: 16    Str: 36    XL:     13   Next: 91%
Magic:  13/13      EV:  1    Int: 10    God:    Makhleb [******]
Gold:   0          SH: 31    Dex: 11    Spells: 0 memorised, 12 levels left

rFire  + . .     SeeInvis +     F - +14 obsidian axe {chop, +Fly Str+3 SInv *Curse} (curse)
rCold  + + +     Clarity  .     B - +5 gold dragon armour {rC+ rF+ rPois}
rNeg   + . .     SustAt   .     E - +18 shield of the gong {rElec rN+ MR+ EV-5}
rPois  +         Gourm    .     (helmet restricted)
rElec  +         Spirit   .     (no cloak)
rCorr  .         Warding  .     (gloves unavailable)
rMut   .         NoTele   +     (boots unavailable)
MR     ++...                    (no amulet)
Stlth  ..........               D - ring of Birdsong {rC+ AC+1 Dex+2}
                                H - ring of Dutry {rC+ Str+4 Int+4}

@: corroded equipment, mesmerised, very resistant to hostile enchantments,
extremely unstealthy
A: unfitting armour, tough skin 1
a: Minor Destruction, Lesser Servant of Makhleb, Major Destruction, Greater
Servant of Makhleb, Renounce Religion, Evoke Flight


You were in the Dungeon.
You worshipped Makhleb.
Makhleb was exalted by your worship.
You were not hungry.

You visited 1 branch


Innate Abilities, Weirdness & Mutations

You are too large for most types of armour.
You have tough skin (AC +1).

Inventory:

Hand Weapons
 a - a +0 hand axe
 F - the cursed +14 obsidian axe (weapon) {chop, +Fly Str+3 SInv *Curse}
   (You found it in the Dungeon)

   It inflicts extra damage upon your enemies.
   It affects your strength (+3).
   It lets you see invisible.
   It lets you fly.
   It may re-curse itself when equipped.
   It has a curse placed upon it.
 I - the cursed +1 battleaxe of Mourning {freeze, rN+ Str+4 Dex-4}
   (You took it off a deep elf mage in the Dungeon)

   It has been specially enchanted to freeze those struck by it, causing extra
   injury to most foes and up to half again as much damage against particularly
   susceptible opponents.
   It can also slow down cold-blooded creatures.
   It affects your strength (+4).
   It affects your dexterity (-4).
   It protects you from negative energy.
   It has a curse placed upon it.
Armour
 b - a +0 animal skin
 B - a +5 gold dragon armour (worn) {rC+ rF+ rPois}
 E - the +18 shield of the gong (worn) {rElec rN+ MR+ EV-5}
   (You found it in the Dungeon)

   It affects your evasion (-5).
   It insulates you from electricity.
   It protects you from negative energy.
   It affects your resistance to hostile enchantments.
Jewellery
 C - the ring of the Scarab {rC+ MR- Str+4}
   (You found it in the Dungeon)

   [ring of protection from cold]

   It affects your strength (+4).
   It protects you from cold.
   It affects your resistance to hostile enchantments.
 D - the ring of Birdsong (right hand) {rC+ AC+1 Dex+2}
   (You found it in the Dungeon)

   [ring of protection]

   It affects your AC (+1).
   It affects your dexterity (+2).
   It protects you from cold.
 H - the ring of Dutry (left hand) {rC+ Str+4 Int+4}
   (You found it in the Dungeon)

   [ring of strength]

   It affects your strength (+4).
   It affects your intelligence (+4).
   It protects you from cold.
Wands
 y - a wand of fire (5)
 z - a wand of cold (5)
 A - a wand of draining (5)
Scrolls
 i - 4 scrolls of blinking
 o - 3 scrolls of recharging
 p - 7 scrolls of fog
 q - a scroll of holy word
 s - 5 scrolls of identify
 t - 5 scrolls of remove curse
 u - 2 scrolls of fear
 J - 4 scrolls of enchant armour
Potions
 c - 2 potions of brilliance {Archmagi Int+5 Wiz++}
 d - 10 potions of curing
 e - 5 potions of heal wounds
 g - 7 potions of magic
 h - 3 potions of berserk rage
 j - 2 potions of invisibility
 k - 4 potions of resistance {rF+ rC+ rPois rElec rCorr}
 l - a potion of experience
 m - 5 potions of agility {Stlth+ Dex+5 EV+5}
 n - 5 potions of might {Str+5 DMG+1d10}
 G - 8 potions of haste
Miscellaneous
 f - a fan of gales
 v - a disc of storms
 K - a box of beasts
Comestibles
 r - 2 bread rations
 w - 4 meat rations
 x - 42 fruits


You had 12 spell levels left.
You didn't know any spells.


   Skills:
 * Level 26.3 Fighting
 * Level 17.2 Axes
 * Level 10.9 Armour
 - Level 2.6 Dodging
 * Level 11.8 Shields

Dungeon Overview and Level Annotations

Branches:
Dungeon (1/1)

Altars:
Ashenzari
Cheibriados
Dithmenos
Elyvilon
Fedhas
Gozag
Kikubaaqudgha
Makhleb
Nemelex Xobeh
Okawaru
Qazlal
Ru
Sif Muna
Trog
Vehumet
Xom
Yredelemnul
Zin
The Shining One
Beogh
Jiyva
Lugonu

Vault maps used:
D:        sprint_v
You       could see a golden dragon, a black draconian, a mottled draconian, a
          yellow draconian, a purple draconian, 2 draconians, 2 draconians and a
          friendly smoke demon.


Message History

Your smoke demon hits the white draconian but does no damage. x3
Restored 4 HP.
You have now: 30/185 HP.
Unknown command.
Unknown command.
Drink which item? (? for menu, Esc to quit)
You feel much better.
Visions of slaying the yellow draconian flood into your mind.
You block the mottled draconian's attack.
SHROANNG!
You block the red draconian's attack.
GONNNNG!
The white draconian barely misses your smoke demon.
You block the white draconian's attack.
BONNNG!
The red draconian hits you with a mace!
* * * LOW HITPOINT WARNING * * *
The golden dragon bites you but does no damage.
You block the golden dragon's attack.
GONNNNG!
The golden dragon tramples you but does no damage.
The purple draconian hits you with a battleaxe.
* * * LOW HITPOINT WARNING * * *
The yellow draconian spits acid at you. The splash of acid hits you!
The acid corrodes you!
The acid burns!
* * * LOW HITPOINT WARNING * * *
The black draconian hits you but does no damage.
Your smoke demon hits the white draconian but does no damage.
Your smoke demon closely misses the white draconian.
Your smoke demon barely misses the white draconian.
You lost 15 HP.
You have now: 15/185 HP.
Unknown command.
Unknown command.
Unknown command.
Drink which item? (? for menu, Esc to quit)
You feel much better.
Visions of slaying the mottled draconian flood into your mind.
You block the white draconian's attack.
GONNNNG!
You block the mottled draconian's attack.
SHROANNG!
The golden dragon bites you.
* * * LOW HITPOINT WARNING * * *
The golden dragon claws you!
* * * LOW HITPOINT WARNING * * *
The golden dragon tramples you.
* * * LOW HITPOINT WARNING * * *
You hold your ground!
You block the red draconian's attack.
GONNNNG!
The red draconian hits you with a mace!
You die...

Action                   |  1- 3 |  4- 6 |  7- 9 | 10-12 | 13-15 || total
-------------------------+-------+-------+-------+-------+-------++-------
Melee: Broad axe         |     7 |     4 |    25 |    85 |    34 ||   155
  Use: Potion            |       |     1 |       |     1 |     3 ||     5
       Scroll            |       |       |       |       |     1 ||     1
 Stab: Distracted        |       |     1 |       |       |       ||     1
  Eat: Bread ration      |       |       |       |     3 |       ||     3

Notes
Turn   | Place    | Note
--------------------------------------------------------------
     0 | D        | hexophile the Ogre Berserker began the quest for the Orb.
     0 | D        | Reached XP level 1. HP: 24/24 MP: 1/1
     0 | D        | Found a roughly hewn altar of Beogh.
     0 | D        | Found a viscous altar of Jiyva.
     0 | D        | Found a corrupted altar of Lugonu.
     0 | D        | Found a white marble altar of Elyvilon.
     0 | D        | Found a sparkling altar of Nemelex Xobeh.
     1 | D        | Found a burning altar of Makhleb.
     1 | D        | Found an iron altar of Okawaru.
     1 | D        | Found a deep blue altar of Sif Muna.
     1 | D        | Found a radiant altar of Vehumet.
     1 | D        | Found a bloodstained altar of Trog.
     1 | D        | Found a shimmering altar of Xom.
    35 | D        | Fell from the grace of Trog
    35 | D        | Became a worshipper of Makhleb the Destroyer
    80 | D        | Entered arena 1.
    80 | D        | Noticed a toenail golem
    80 | D        | Noticed a toenail golem
    88 | D        | Killed a toenail golem
    88 | D        | Reached skill level 12 in Fighting
    88 | D        | Reached skill level 7 in Axes
    88 | D        | Reached XP level 2. HP: 3/49 MP: 2/2
    88 | D        | Reached XP level 3. HP: 3/57 MP: 3/3
    88 | D        | Reached XP level 4. HP: 3/66 MP: 4/4
    88 | D        | Reached XP level 5. HP: 3/74 MP: 5/5
    88 | D        | Reached XP level 6. HP: 3/83 MP: 6/6
    93 | D        | Killed a toenail golem
    93 | D        | Reached skill level 14 in Fighting
    93 | D        | Reached skill level 8 in Axes
    93 | D        | Reached XP level 7. HP: 30/96 MP: 7/7
   445 | D        | Entered arena 2.
   445 | D        | Noticed a necrophage
   449 | D        | Killed a necrophage
   449 | D        | Reached * piety under Makhleb
   457 | D        | Got the ring of Xenun {SustAt -Tele rN+ Int+5}
   460 | D        | Entered arena 3.
   460 | D        | Noticed a deep elf mage
   460 | D        | Noticed a deep elf summoner
   460 | D        | Noticed a deep elf mage
   460 | D        | Noticed a deep elf fighter
   464 | D        | Killed a deep elf mage
   464 | D        | Reached skill level 15 in Fighting
   464 | D        | Reached skill level 9 in Axes
   468 | D        | Killed a deep elf fighter
   468 | D        | Reached XP level 8. HP: 92/107 MP: 8/8
   469 | D        | Killed a deep elf mage
   469 | D        | Reached ** piety under Makhleb
   469 | D        | Reached skill level 10 in Axes
   472 | D        | Killed a deep elf summoner
   472 | D        | Reached skill level 16 in Fighting
   478 | D        | Identified Vaorinez's Compendium of Conjuration and the Blaze
   481 | D        | Entered arena 4.
   481 | D        | Noticed a crimson imp
   481 | D        | Noticed a quasit
   481 | D        | Noticed a large abomination
   485 | D        | Killed a large abomination
   485 | D        | Reached *** piety under Makhleb
   485 | D        | Reached skill level 17 in Fighting
   485 | D        | Reached XP level 9. HP: 117/120 MP: 9/9
   486 | D        | Killed a quasit
   486 | D        | Killed a crimson imp
   486 | D        | Reached skill level 11 in Axes
   491 | D        | Entered arena 5.
   491 | D        | Noticed a draconian
   491 | D        | Noticed a draconian
   491 | D        | Noticed a death cob
   491 | D        | Noticed a draconian
   491 | D        | Noticed a draconian
   498 | D        | Killed a draconian
   498 | D        | Reached **** piety under Makhleb
   498 | D        | Killed a draconian
   498 | D        | Reached skill level 18 in Fighting
   501 | D        | Killed a death cob
   501 | D        | Reached skill level 20 in Fighting
   501 | D        | Reached skill level 12 in Axes
   501 | D        | Reached XP level 10. HP: 97/139 MP: 10/10
   501 | D        | Killed a draconian
   501 | D        | Reached skill level 13 in Axes
   502 | D        | Killed a draconian
   502 | D        | Reached ***** piety under Makhleb
   516 | D        | Got the ring "Kuczaisk" {+Fly rC+ Int-4 Stlth+}
   518 | D        | Entered arena 6.
   518 | D        | Noticed a hell hound
   519 | D        | Noticed a hell hound
   520 | D        | Killed a hell hound
   525 | D        | Killed a hell hound
   533 | D        | Entered arena 7.
   533 | D        | Noticed a yaktaur
   533 | D        | Noticed a yaktaur
   533 | D        | Noticed a yaktaur captain
   533 | D        | Noticed a cyclops
   533 | D        | Noticed a cyclops
   533 | D        | Noticed a centaur warrior
   538 | D        | Killed a yaktaur captain
   538 | D        | Reached skill level 21 in Fighting
   541 | D        | Killed a cyclops
   541 | D        | Reached ****** piety under Makhleb
   541 | D        | Killed a yaktaur
   542 | D        | Killed a centaur warrior
   542 | D        | Reached skill level 14 in Axes
   542 | D        | Reached XP level 11. HP: 112/153 MP: 11/11
   542 | D        | Killed a yaktaur
   542 | D        | Reached skill level 22 in Fighting
   543 | D        | Killed a cyclops
   550 | D        | Entered arena 8.
   550 | D        | Noticed a spriggan
   550 | D        | Noticed a wolf
   550 | D        | Noticed a black bear
   550 | D        | Noticed a spriggan druid
   550 | D        | Noticed a spriggan
   550 | D        | Noticed a wolf
   550 | D        | Noticed a wolf
   551 | D        | Killed a wolf
   553 | D        | Killed a wolf
   558 | D        | Killed a spriggan
   558 | D        | Killed a black bear
   559 | D        | Killed a wolf
   560 | D        | Killed a spriggan druid
   560 | D        | Killed a spriggan
   574 | D        | Got the cursed +1 short sword "Ineckae" {freeze, rElec rPois}
   577 | D        | Got the ring of the Scarab {rC+ MR- Str+4}
   580 | D        | Got the ring of Birdsong {rC+ AC+1 Dex+2}
   586 | D        | Entered arena 9.
   586 | D        | Noticed an orc wizard
   586 | D        | Noticed an orc warrior
   586 | D        | Noticed an orc priest
   586 | D        | Noticed an orc priest
   586 | D        | Noticed an orc priest
   586 | D        | Noticed an orc wizard
   586 | D        | Noticed an orc warrior
   586 | D        | Noticed an orc priest
   590 | D        | Killed an orc wizard
   590 | D        | Killed an orc warrior
   591 | D        | Killed an orc priest
   591 | D        | Killed an orc priest
   592 | D        | Killed an orc wizard
   592 | D        | Killed an orc priest
   595 | D        | Killed an orc warrior
   597 | D        | Killed an orc priest
   608 | D        | Got the ring of Dutry {rC+ Str+4 Int+4}
   613 | D        | Entered arena 10.
   613 | D        | Noticed a merfolk
   613 | D        | Noticed a centaur
   613 | D        | Noticed a centaur
   613 | D        | Noticed a centaur
   613 | D        | Noticed a centaur
   613 | D        | Noticed a centaur
   618 | D        | Killed a centaur
   618 | D        | Killed a centaur
   620 | D        | Killed a centaur
   623 | D        | Killed a centaur
   624 | D        | Killed a merfolk
   625 | D        | Killed a centaur
   630 | D        | Entered arena 11.
   630 | D        | Noticed an efreet
   630 | D        | Noticed a hell hound
   630 | D        | Noticed a hell hound
   630 | D        | Noticed a fire dragon
   631 | D        | Noticed a hell hog
   631 | D        | Noticed a fire giant
   631 | D        | Noticed a fire dragon
   636 | D        | Killed a hell hound
   636 | D        | Reached skill level 23 in Fighting
   637 | D        | Killed a hell hog
   637 | D        | Reached skill level 15 in Axes
   637 | D        | Reached skill level 1 in Armour
   637 | D        | Reached skill level 2 in Shields
   639 | D        | Killed a hell hound
   640 | D        | Identified a +2 rod of shadows (5/10)
   642 | D        | Killed a fire dragon
   642 | D        | Reached skill level 2 in Armour
   642 | D        | Reached skill level 3 in Shields
   644 | D        | Killed a fire dragon
   644 | D        | Reached skill level 3 in Armour
   648 | D        | Killed a fire giant
   648 | D        | Reached skill level 4 in Armour
   648 | D        | Reached skill level 4 in Shields
   648 | D        | Reached XP level 12. HP: 52/167 MP: 12/12
   656 | D        | Killed an efreet
   931 | D        | Entered arena 12.
   931 | D        | Noticed a deep elf mage
   931 | D        | Noticed a deep elf conjurer
   931 | D        | Noticed a deep elf high priest
   931 | D        | Noticed a deep elf high priest
   931 | D        | Noticed a deep elf conjurer
   932 | D        | Noticed a deep elf mage
   932 | D        | Noticed a deep elf mage
   932 | D        | Noticed a deep elf knight
   932 | D        | Noticed a soldier ant
   932 | D        | Noticed a deep elf blademaster
   932 | D        | Noticed a deep elf high priest
   936 | D        | a soldier ant changed into a water moccasin
   937 | D        | Killed a deep elf conjurer
   937 | D        | Reached skill level 5 in Shields
   939 | D        | Killed a deep elf high priest
   939 | D        | Reached skill level 5 in Armour
   941 | D        | Killed a deep elf high priest
   941 | D        | Reached skill level 6 in Shields
   942 | D        | Killed a deep elf knight
   942 | D        | Reached skill level 24 in Fighting
   943 | D        | Killed a deep elf conjurer
   943 | D        | Killed a deep elf mage
   943 | D        | Reached skill level 6 in Armour
   946 | D        | Killed a deep elf high priest
   947 | D        | Killed a deep elf mage
   947 | D        | Reached skill level 7 in Shields
   947 | D        | Killed a deep elf mage
   949 | D        | Killed a deep elf blademaster
   949 | D        | Reached skill level 7 in Armour
   951 | D        | Got the cursed +1 battleaxe of Mourning {freeze, rN+ Str+4 Dex-4}
   994 | D        | Entered arena 13.
   995 | D        | Noticed a cyclops
   995 | D        | Noticed a troll
   995 | D        | Noticed a cyclops
   995 | D        | Noticed a stone giant
   995 | D        | Noticed a troll
   996 | D        | Noticed a troll
   996 | D        | Noticed a two-headed ogre
   996 | D        | Noticed a two-headed ogre
   996 | D        | Noticed a troll
   996 | D        | Noticed an ogre
   996 | D        | Noticed a two-headed ogre
   996 | D        | Noticed a troll
   999 | D        | Killed a two-headed ogre
   999 | D        | Reached skill level 16 in Axes
  1001 | D        | Killed a troll
  1002 | D        | Killed a troll
  1002 | D        | Reached skill level 8 in Shields
  1002 | D        | Killed a troll
  1003 | D        | Killed a cyclops
  1003 | D        | Killed a two-headed ogre
  1005 | D        | Killed an ogre
  1005 | D        | Killed a troll
  1006 | D        | Killed a troll
  1007 | D        | Killed a two-headed ogre
  1009 | D        | Killed a cyclops
  1011 | D        | Killed a stone giant
  1011 | D        | Reached skill level 8 in Armour
  1011 | D        | Reached skill level 9 in Shields
  1011 | D        | Reached XP level 13. HP: 180/180 MP: 13/13
  1016 | D        | Entered arena 14.
  1016 | D        | Noticed a wight
  1016 | D        | Noticed a vampire mage
  1016 | D        | Noticed a spiny frog
  1017 | D        | Noticed a shadow
  1017 | D        | Noticed a necrophage
  1018 | D        | Noticed a necrophage
  1018 | D        | Noticed a necrophage
  1018 | D        | Noticed an ancient lich
  1018 | D        | Noticed a wight
  1020 | D        | Noticed a tentacled monstrosity
  1020 | D        | Noticed a tentacled monstrosity
  1022 | D        | Killed a vampire mage
  1022 | D        | Killed a wight
  1023 | D        | Killed a necrophage
  1023 | D        | Reached skill level 25 in Fighting
  1024 | D        | Noticed a Brimstone Fiend
  1024 | D        | Killed a wight
  1025 | D        | Killed a necrophage
  1025 | D        | Killed a necrophage
  1026 | D        | Killed a shadow
  1027 | D        | Killed a spiny frog
  1038 | D        | Killed an ancient lich
  1038 | D        | Reached skill level 10 in Armour
  1038 | D        | Reached skill level 10 in Shields
  1052 | D        | Got a smoking robe
  1056 | D        | Entered arena 15.
  1057 | D        | Noticed a red draconian
  1057 | D        | Noticed a death cob
  1057 | D        | Noticed a black draconian
  1057 | D        | Noticed a green draconian
  1057 | D        | Noticed a red draconian
  1057 | D        | Noticed a yellow draconian
  1057 | D        | Noticed a storm dragon
  1058 | D        | Noticed a red draconian
  1058 | D        | Noticed a purple draconian
  1058 | D        | Noticed a golden dragon
  1058 | D        | Noticed a white draconian
  1058 | D        | Noticed a white draconian
  1058 | D        | Noticed a yellow draconian
  1058 | D        | Noticed a mottled draconian
  1064 | D        | Killed a death cob
  1064 | D        | Reached skill level 17 in Axes
  1064 | D        | Reached skill level 11 in Shields
  1066 | D        | Killed a yellow draconian
  1066 | D        | Reached skill level 26 in Fighting
  1070 | D        | Killed a green draconian
  1071 | D        | Killed a storm dragon
  1072 | D        | Killed a red draconian
  1076 | D        | Slain by a red draconian

Table legend:
 A = Turns spent in this place as a percentage of turns spent in the entire game.
 B = Non-inter-level travel turns spent in this place as a percentage of non-inter-level travel turns spent in the entire game.
 C = Inter-level travel turns spent in this place as a percentage of turns spent in this place.
 D = Turns resting spent in this place as a percentage of non-inter-level travel turns spent in this place.
 E = Turns spent auto-exploring this place as a percentage of non-inter-level travel turns spent in this place.
 F = Non-inter-level travel turns spent in this place divided by the number of levels of this place that you've seen.
                   A       B       C       D       E      F
               +-------+-------+-------+-------+-------+----------------------
         Total | 100.0 | 100.0 |   0.0 |   3.0 |   0.0 | 629.0
       Dungeon | 100.0 | 100.0 |   0.0 |   3.0 |   0.0 | 629.0
               +-------+-------+-------+-------+-------+----------------------

Table legend:
 A = Kills in this place as a percentage of kills in entire the game.
 B = Kills by you in this place as a percentage of kills by you in the entire game.
 C = Kills by friends in this place as a percentage of kills by friends in the entire game.
 D = Other kills in this place as a percentage of other kills in the entire game.
 E = Experience gained in this place as a percentage of experience gained in the entire game.
 F = Experience gained in this place divided by the number of levels of this place that you have seen.
                   A       B       C       D       E      F
               +-------+-------+-------+-------+-------+----------------------
         Total | 100.0 | 100.0 | 100.0 |  -nan | 100.0 | 52333.0
       Dungeon | 100.0 | 100.0 | 100.0 |  -nan | 100.0 | 52333.0
               +-------+-------+-------+-------+-------+----------------------

Vanquished Creatures
  An ancient lich (D)
  A deep elf blademaster (D)
  2 death cobs (D)
  A storm dragon (D)
  A fire giant (D)
  A stone giant (D)
  A green draconian (D)
  A yellow draconian (D)
  A red draconian (D)
  3 deep elf high priests (D)
  2 fire dragons (D)
  A yaktaur captain (D)
  A centaur warrior (D)
  A hell hog (D)
  A vampire mage (D)
  A deep elf summoner (D)
  A deep elf knight (D)
  A spriggan druid (D)
  2 deep elf conjurers (D)
  3 cyclopes (D)
  2 draconians (D)
  A toenail golem (D)
  A spiny frog (D)
  2 yaktaurs (D)
  An efreet (D)
  5 trolls (D)
  A merfolk (D)
  2 two-headed ogres (D)
  A shadow (D)
  2 spriggans (D)
  5 deep elf magi (D)
  A deep elf fighter (D)
  A large abomination (D)
  3 wolves (D)
  A water moccasin (shapeshifter) (D)
  4 hell hounds (D)
  3 necrophages (D)
  A black bear (D)
  2 orc warriors (D)
  4 centaurs (D)
  An ogre (D)
  A quasit (D)
  2 wights (D)
  A crimson imp (D)
  4 orc priests (D)
  2 orc wizards (D)
  2 sheep (D)
  2 shadow imps (D)
  An ufetubus (D)
  3 bat skeletons (D)
  4 bat zombies (D)
  2 giant gecko skeletons (D)
95 creatures vanquished.

Vanquished Creatures (collateral kills)
  2 draconians (D)
  A cyclops (D)
  A toenail golem (D)
  A two-headed ogre (D)
  A necrophage (D)
  A centaur (D)
7 creatures vanquished.

Vanquished Creatures (others)
  2 fire vortices (D)
2 creatures vanquished.

Grand Total: 104 creatures vanquished
